 Dungeon Crawl Stone Soup version 0.20.1-1-g8b1a95d (webtiles) character file.

19328 Cornelleus the Slicer (level 12, -19/101 HPs)
             Began as a Ghoul Artificer on Sept 5, 2017.
             Was a High Priest of Nemelex Xobeh.
             Demolished by a shadow (26 damage)
             ... on level 2 of the Abyss.
             The game lasted 03:09:59 (15547 turns).

Cornelleus the Slicer (Ghoul Artificer)            Turns: 15547, Time: 03:10:00

Health: -19/101    AC: 24    Str: 18      XL:     12   Next: 67%
Magic:  7/7        EV: 11    Int: 10 (14) God:    Nemelex Xobeh [*****.]
Gold:   806        SH:  5    Dex: 10 (14) Spells: 12/17 levels left

rFire    + + .     SeeInvis .   a - +5 short sword of the Empty Page {pierce, MP-9 Int+3 Dex+4}
rCold    . . .     Gourm    .   j - +0 buckler
rNeg     + + +     Faith    .   L - +2 fire dragon scales
rPois    ∞         Spirit   .   D - +2 helmet {Int+3}
rElec    .         Reflect  .   r - +1 cloak
rCorr    .         Harm     .   O - +2 pair of gloves
MR       .....                  T - +1 pair of boots
Stlth    +.........             (no amulet)
Regen    0.0/turn               l - ring of fire
MPRegen  0.1/turn               B - ring of ice

@: rotting, studying Slings
A: rotting body, claws 1, carnivore 3, cold resistance 1, negative energy
resistance 3, inhibited regeneration, torment resistance, unbreathing
a: Triple Draw, Deal Four, Stack Five, Renounce Religion


You were on level 2 of the Abyss.
You worshipped Nemelex Xobeh.
Nemelex Xobeh was extremely pleased with you.
You were not hungry.

You visited 1 branch of the dungeon, and saw 11 of its levels.
You visited the Abyss 1 time.
You also visited: Bailey.

You collected 806 gold pieces.

Inventory:

Hand Weapons
 a - the +5 short sword of the Empty Page (weapon) {pierce, MP-9 Int+3 Dex+4}
   (You found it on level 6 of the Dungeon)

   It inflicts extra damage upon your enemies.
   It affects your intelligence (+3).
   It affects your dexterity (+4).
   It affects your magic capacity (-9).
 b - a +0 blowgun
Missiles
 m - 2 tomahawks (quivered)
 A - 34 bolts
 S - 24 poisoned needles
Armour
 j - a +0 buckler (worn)
 r - a +1 cloak (worn)
 s - a +2 scale mail of magic resistance
 D - a +2 helmet of intelligence (worn)
 L - +2 fire dragon scales (worn)
 O - a +2 pair of gloves (worn)
 T - a +1 pair of boots (worn)
Jewellery
 l - a ring of fire (left hand)
 B - a ring of ice (right hand)
 G - an uncursed ring of protection from cold
Wands
 c - a wand of flame (0/48)
 d - a wand of enslavement (14/24)
 e - a wand of random effects (12/48)
 w - a wand of lightning (0/15)
 J - a wand of acid (0/15)
 M - a wand of acid (0/15)
Scrolls
 i - 2 scrolls of identify
 o - a scroll of noise {unknown}
 q - 2 scrolls of enchant armour
 t - a scroll of magic mapping
 u - a scroll of vulnerability {unknown}
 v - a scroll of teleportation
 y - 6 scrolls of remove curse
 z - 3 scrolls of immolation
Potions
 h - 2 potions of resistance
 p - a potion of flight
 Q - a potion of agility
 R - a potion of might
Books
 E - a manual of Slings
 F - a book of Frost

   Spells                             Type                      Level
   a - Freeze                         Ice                          1
   b - Throw Frost                    Conjuration/Ice              2
   c - Ozocubu's Armour               Charms/Ice                   3
   d - Throw Icicle                   Conjuration/Ice              4
   e - Summon Ice Beast               Ice/Summoning                4
 H - a book of Changes

   Spells                             Type                      Level
   a - Beastly Appendage              Transmutation                1
   b - Sticks to Snakes               Transmutation                2
   c - Spider Form                    Transmutation/Poison         3
   d - Ice Form                       Ice/Transmutation            4
   e - Blade Hands                    Transmutation                5
 K - a book of Battle

   Spells                             Type                      Level
   a - Infusion                       Charms                       1
   b - Shroud of Golubria             Charms/Translocation         2
   c - Song of Slaying                Charms                       2
   d - Spectral Weapon                Hexes/Charms                 3
   e - Regeneration                   Charms/Necromancy            3
Miscellaneous
 g - an ornate deck of summoning {drawn: 1}
 k - a plain deck of destruction
 n - a plain deck of summoning {drawn: 1}
 x - an ornate deck of escape {drawn: 7}
 C - a plain deck of destruction {drawn: 2}
 N - an ornate deck of summoning
 P - a legendary deck of escape {drawn: 1}
 V - a legendary deck of summoning
Comestibles
 f - 3 meat rations
 U - 10 royal jellies


   Skills:
 + Level 7.9 Fighting
 + Level 8.3 Short Blades
 - Level 5.7 Throwing
 + Level 7.4 Armour
 + Level 5.0 Dodging
 + Level 4.1 Stealth
 * Level 6.0 Shields
 - Level 2.3 Unarmed Combat
 * Level 3.0 Spellcasting
   Level 1.6 Hexes
 * Level 1.7 Charms
 * Level 7.6 Invocations
 + Level 4.2 Evocations


You had 12 spell levels left.
You knew the following spells:

 Your Spells              Type           Power        Failure   Level  Hunger
a - Song of Slaying       Chrm           #.......     56%         2    ###....
b - Regeneration          Chrm/Necr      #.........   90%         3    ###....


Dungeon Overview and Level Annotations

Branches:
Dungeon (11/15)            Temple (0/1) D:6            Lair (0/6) D:8
    Orc: D:9-12

Altars:
Hepliaklqana
Nemelex Xobeh
Qazlal
Ru
Sif Muna
Trog
Vehumet
Xom
Yredelemnul

Shops:
D:6 [

Annotations:
D:11 Nergalle, Sonja


Innate Abilities, Weirdness & Mutations

Your body is rotting away.
You thrive on raw meat.
You are immune to poison.
You have sharp fingernails.
You are carnivorous and can eat meat at any time.
Your flesh is cold resistant. (rC+)
You are immune to negative energy. (rN+++)
You do not regenerate when monsters are visible.
You are immune to unholy pain and torment.
You can survive without breathing.


Message History

The shadow is heavily damaged.
You hit the shadow but do no damage.
The shadow is heavily damaged.
The shadow hits you. The iron imp barely misses you.
You hit the shadow.
The shadow is severely damaged.
You block the shadow's attack.
You hit the shadow but do no damage.
The shadow is severely damaged.
The iron imp hits you but does no damage.
You closely miss the shadow.
The shadow is severely damaged.
The shadow slips into darkness.
The shadow flickers and vanishes!
Deactivating autopickup; reactivate with Ctrl-A.
You miss something.
The iron imp hits you but does no damage.
The shadow strikes at you from the darkness!
You die...
Your body glows with a rainbow of weird colours and disappears.

##. .. .... # #
..§.........##..
#.#..§.........
.. #.....x......
..
.#..............
.
#....%...........
##.....55.... .
#....#5#....###.
#...X{@#... #
.......###....#
....#.. .##.....
....##.... ..≈.#
.≈# ≈≈≈#≈≈##≈.#
.. ..####. # # .
..# .. ... ##


You could see a large abomination, a small abomination, an iron imp, a shadow
imp and an ufetubus.

Vanquished Creatures
  Erolcha (D:10)
  Erica (D:9)
  The ghost of Gelerth the Slicer, a novice HuCK of Xom (D:7)
  An unseen horror (D:11)
  Pikel (D:6)
  An orc knight (Bailey)
  A mana viper (Bailey)
  A wolf spider (D:11)
  Maurice (D:10)
  A demonic crawler (Abyss:2)
  2 hippogriffs
  A wyvern (D:10)
  A wraith (D:10)
  2 hungry ghosts
  The ghost of zx48k the Sneak, an amateur OpWz (D:3)
  Edmund (D:5)
  Duvessa (D:7)
  A water moccasin (D:10)
  2 hell hounds (D:8)
  A swamp drake (D:8)
  An orc warrior (D:6)
  5 sky beasts
  3 black bears
  An ice beast (D:6)
  5 ogres
  2 wolves (D:8)
  6 centaurs
  2 crocodiles
  2 big kobolds (D:10)
  9 bullfrogs
  A water moccasin zombie (D:3)
  2 scorpions
  Dowan (D:7)
  A killer bee (D:8)
  3 wights (D:10)
  5 howler monkeys
  3 crimson imps
  A bullfrog zombie (D:5)
  6 hounds
  2 centaur zombies
  A gnoll shaman (D:5)
  10 orc wizards
  6 orc priests
  5 jellies
  8 worker ants
  2 iguanas
  A hound zombie (D:11)
  A howler monkey zombie (D:7)
  15 gnolls
  A howler monkey skeleton (D:4)
  8 adders
  2 river rats (D:4)
  A shadow imp (D:3)
  5 oozes (D:10)
  2 adder skeletons
  An adder zombie (D:8)
  A worm (D:4)
  2 dart slugs
  5 leopard geckos
  46 orcs
  5 giant cockroaches
  16 goblins
  8 hobgoblins
  23 jackals
  3 quokkas
  12 bats
  8 frilled lizards
  A jackal zombie (D:6)
  18 kobolds
  A leopard gecko skeleton (D:6)
  3 quokka skeletons
  5 rats
310 creatures vanquished.

Vanquished Creatures (collateral kills)
  An ugly thing (D:11)
  An orc warrior (D:8)
  2 bullfrogs (D:8)
  A quasit (D:8)
  2 orc wizards (D:8)
  2 gnolls (D:3)
  A bat (D:3)
  4 jackals (D:8)
  A kobold (D:3)
  A frilled lizard (D:3)
16 creatures vanquished.

Vanquished Creatures (others)
  An ice statue (D:9)
  2 ogres (D:10)
  3 orcs (D:10)
6 creatures vanquished.

Grand Total: 332 creatures vanquished

Notes
Turn   | Place    | Note
-------+----------+-------------------------------------------
     0 | D:1      | Cornelleus the Ghoul Artificer began the quest for the Orb.
     0 | D:1      | Reached XP level 1. HP: 16/16 MP: 1/1
    30 | D:1      | Reached skill level 1 in Short Blades
   259 | D:1      | Reached XP level 2. HP: 23/23 MP: 3/3
   752 | D:1      | Reached XP level 3. HP: 22/28 MP: 4/4
  1179 | D:2      | Reached skill level 1 in Armour
  1623 | D:2      | Found a hazy altar of Hepliaklqana.
  1623 | D:2      | Found a sparkling altar of Nemelex Xobeh.
  1801 | D:2      | Became a worshipper of Nemelex Xobeh the Trickster
  1912 | D:2      | Received a gift from Nemelex Xobeh
  1994 | D:2      | Reached XP level 4. HP: 36/36 MP: 5/5
  2199 | D:3      | Noticed zx48k's ghost (amateur OpWz)
  2223 | D:3      | Killed zx48k's ghost
  2223 | D:3      | Reached skill level 2 in Short Blades
  2223 | D:3      | Reached XP level 5. HP: 23/41 MP: 6/6
  2383 | D:3      | Found a stormy altar of Qazlal.
  2419 | D:3      | Reached skill level 3 in Short Blades
  2419 | D:3      | Reached XP level 6. HP: 47/50 MP: 7/7
  2519 | D:3      | Reached * piety under Nemelex Xobeh
  2727 | D:3      | Found a shimmering altar of Xom.
  2727 | D:3      | Found a radiant altar of Vehumet.
  2921 | D:3      | Found a deep blue altar of Sif Muna.
  3265 | D:3      | Received a gift from Nemelex Xobeh
  3783 | D:4      | Reached skill level 1 in Throwing
  4052 | D:4      | Found a sacrificial altar of Ru.
  4137 | D:4      | Reached XP level 7. HP: 31/57 MP: 8/8
  4407 | D:4      | Received a gift from Nemelex Xobeh
  5119 | D:5      | Entered Level 5 of the Dungeon
  5205 | D:5      | Found a basalt altar of Yredelemnul.
  5415 | D:5      | Reached ** piety under Nemelex Xobeh
  5609 | D:5      | Noticed Edmund
  5631 | D:5      | Killed Edmund
  5631 | D:5      | Reached XP level 8. HP: 41/66 MP: 9/9
  6180 | D:5      | Found a bloodstained altar of Trog.
  6486 | D:5      | Received a gift from Nemelex Xobeh
  6748 | D:5      | Reached skill level 5 in Throwing
  7029 | D:6      | Got a twisted short sword
  7030 | D:6      | Identified the +5 short sword of the Empty Page {pierce, MP-9 Int+3 Dex+4} (You found it on level 6 of the Dungeon)
  7080 | D:6      | Reached skill level 1 in Invocations
  7091 | D:6      | Reached XP level 9. HP: 29/72 MP: 1/10
  7461 | D:6      | Found a staircase to the Ecumenical Temple.
  7478 | D:6      | Reached skill level 4 in Short Blades
  7505 | D:6      | Reached skill level 5 in Fighting
  7650 | D:6      | Reached *** piety under Nemelex Xobeh
  7768 | D:6      | Found Hayset's Armour Shop.
  7998 | D:6      | Reached skill level 1 in Shields
  8044 | D:6      | Noticed Pikel
  8062 | D:6      | Killed Pikel
  8062 | D:6      | Reached skill level 5 in Short Blades
  8062 | D:6      | Reached skill level 5 in Armour
  8259 | D:7      | Noticed Dowan
  8264 | D:7      | Noticed Duvessa
  8271 | D:7      | Killed Dowan
  8283 | D:7      | Killed Duvessa
  8435 | D:7      | Received a gift from Nemelex Xobeh
  8582 | D:7      | Noticed Gelerth's ghost (novice HuCK)
  8598 | D:7      | Killed Gelerth's ghost
  8598 | D:7      | Reached skill level 6 in Short Blades
  8598 | D:7      | Reached XP level 10. HP: 83/83 MP: 2/11
  8885 | D:8      | Found a staircase to the Lair.
  9113 | D:8      | Found a flagged portal.
  9122 | Bailey   | Entered a bailey
  9285 | Bailey   | Noticed an orc knight
  9590 | Bailey   | Noticed an orc knight
  9613 | Bailey   | Noticed an orc knight
  9614 | Bailey   | Killed an orc knight
  9617 | Bailey   | Noticed a mana viper
  9617 | Bailey   | an orc knight changed into a mana viper
  9624 | Bailey   | Killed a mana viper
 10481 | D:8      | Received a gift from Nemelex Xobeh
 10815 | D:8      | Reached skill level 5 in Invocations
 10818 | D:8      | Reached **** piety under Nemelex Xobeh
 10842 | D:8      | Noticed Grum
 10870 | D:8      | Noticed Grum
 10870 | D:8      | Grum changed into Grum the swamp drake
 10875 | D:8      | Killed Grum the swamp drake
 11272 | D:9      | Received a gift from Nemelex Xobeh
 11279 | D:9      | Found a basalt altar of Yredelemnul.
 11491 | D:9      | Noticed Erica
 11511 | D:9      | Killed Erica
 11511 | D:9      | Reached skill level 7 in Short Blades
 11511 | D:9      | Reached XP level 11. HP: 80/92 MP: 5/14
 11651 | D:9      | Received a gift from Nemelex Xobeh
 12445 | D:9      | Reached skill level 5 in Shields
 12445 | D:9      | Reached skill level 1 in Hexes
 12445 | D:9      | Reached XP level 12. HP: 100/100 MP: 5/16
 12766 | D:9      | Received a gift from Nemelex Xobeh
 12954 | D:10     | Entered Level 10 of the Dungeon
 12954 | D:10     | Reached ***** piety under Nemelex Xobeh
 12989 | D:10     | Noticed Erolcha
 13002 | D:10     | Killed Erolcha
 13356 | D:10     | Reached skill level 8 in Short Blades
 13462 | D:10     | Learned a level 2 spell: Song of Slaying
 13466 | D:10     | Learned a level 3 spell: Regeneration
 13516 | D:10     | Noticed Maurice
 13574 | D:10     | Killed Maurice
 14354 | D:11     | Received a gift from Nemelex Xobeh
 14428 | D:11     | Reached skill level 1 in Charms
 14761 | D:11     | Noticed Nergalle
 15456 | D:11     | Noticed Sonja
 15479 | D:11     | Cast into level 2 of the Abyss (Sonja)
 15535 | Abyss:2  | Reached skill level 5 in Dodging
 15547 | Abyss:2  | Demolished by a shadow

Skill      XL: |  1  2  3  4  5  6  7  8  9 10 11 12 |
---------------+-------------------------------------+-----
Short Blades   | 1 2 3 6 7 8 |  8.3
Dodging        | 2 3 4 5 |  5.0
Evocations     | 3 4 |  4.2
Armour         | 1 2 3 4 5 6 7 |  7.4
Fighting       | 2 3 4 6 7 |  7.9
Throwing       | 2 4 5 |  5.7
Invocations    | 1 3 5 7 |  7.6
Shields        | 2 4 5 6 |  6.0
Stealth        | 3 4 |  4.1
Unarmed Combat | 2 |  2.3
Spellcasting   | 2 3 |  3.0
Hexes          | 1 |  1.6
Charms         | 1 |  1.7

Action                   |  1- 3 |  4- 6 |  7- 9 | 10-12 || total
-------------------------+-------+-------+-------+-------++-------
Melee: Short sword       |   218 |   166 |   314 |   739 ||  1437
       Dagger            |       |    96 |   211 |       ||   307
       Unarmed           |       |       |       |    16 ||    16
 Fire: Blowgun           |       |    58 |   196 |    22 ||   276
Evoke: Wand              |     4 |     8 |     5 |    23 ||    40
       Deck              |       |     5 |     7 |    19 ||    31
  Use: Scroll            |       |     4 |     5 |     7 ||    16
       Potion            |       |       |       |     9 ||     9
 Stab: Sleeping          |     1 |       |       |       ||     1
       Confused          |       |     1 |     1 |     1 ||     3
       Invisible         |       |       |     1 |     1 ||     2
       Distracted        |       |       |       |     1 ||     1
  Eat: Chunk             |     6 |    16 |    25 |    34 ||    81
       Meat ration       |       |       |     1 |       ||     1
Armor: Leather armour    |    15 |       |       |       ||    15
       Chain mail        |   111 |   216 |   292 |    81 ||   700
       Fire dragon scale |       |       |       |   459 ||   459
Dodge: Dodged            |    98 |   149 |   173 |   417 ||   837
Block: Buckler           |       |       |    20 |   204 ||   224
